 Dungeon Crawl Stone Soup version 0.31-a0-544-gceb718ecc6 (webtiles) character file.

Game seed: 16787010404618574925

2486 randomguy2701 the Thaumaturge (level 9, -1/45 HPs)
             Began as a Deep Elf Necromancer on Aug 15, 2023.
             Was a Follower of Sif Muna.
             Killed from afar by Maggie (21 damage)
             ... with a bolt of fire
             ... on level 8 of the Dungeon.
             The game lasted 00:21:08 (9187 turns).

randomguy2701 the Thaumaturge (DENe)                Turns: 9187, Time: 00:21:08

Health: -1/45      AC:  6    Str:  8    XL:     9   Next: 27%
Magic:  32/34      EV: 13    Int: 25    God:    Sif Muna [*.....]
Gold:   360        SH:  0    Dex: 15    Spells: 21/28 levels left

rFire   . . .        D - +0 orcbow
rCold   . . .        (shield currently unavailable)
rNeg    . . .        a - +0 robe
rPois   .            u - +0 helmet
rElec   .            (no cloak)
rCorr   .            (no gloves)
SInv    .            t - +2 pair of boots "Pomacrarua" {+Inv Str+3 Stlth+}
Will    .....        (no amulet)
Stlth   ++++         H - +4 ring of protection
HPRegen 0.27/turn    G - ring of magical power
MPRegen 0.24/turn

%: no passive effects
@: corroded, mesmerised
A: no striking features
a: Renounce Religion, Evoke Invisibility, Channel Magic


You were on level 8 of the Dungeon.
You worshipped Sif Muna.
Sif Muna was aware of your devotion.
You visited 2 branches of the dungeon, and saw 9 of its levels.
You also visited: Sewer.

You collected 360 gold pieces.

Inventory:

Hand Weapons
 y - a +0 spear
 D - a +0 orcbow (weapon)
Missiles
 C - a throwing net
Armour
 a - a +0 robe (worn)
 t - the +2 pair of boots "Pomacrarua" (worn) {+Inv Str+3 Stlth+}
   (You found it on level 4 of the Dungeon)

   Str+3:     It affects your strength (+3).
   +Inv:      It lets you turn invisible.
   Stlth+:    It makes you more stealthy.
 u - a +0 helmet (worn)
Jewellery
 r - a ring of positive energy
 s - a ring of positive energy
 B - a ring of fire
 G - a ring of magical power (right hand)
 H - a +4 ring of protection (left hand)
Wands
 o - a wand of digging (6)
 w - a wand of roots (2)
 z - a wand of flame (25)
Scrolls
 c - 5 scrolls of identify
 g - 2 scrolls of vulnerability {unknown}
 i - 9 scrolls of teleportation
 k - 2 scrolls of enchant weapon {unknown}
 p - 5 scrolls of noise {unknown}
 q - a scroll of butterflies {unknown}
 v - 2 scrolls of blinking
 A - a scroll of poison {unknown}
 E - a scroll of enchant armour {unknown}
 F - a scroll of acquirement {unknown}
Potions
 b - a potion of magic
 d - a potion of ambrosia
 e - a potion of might {unknown}
 f - 3 potions of attraction
 h - a potion of brilliance {unknown}
 j - 4 potions of curing {unknown}
 l - 3 potions of mutation {unknown}
 m - 2 potions of heal wounds {unknown}
 n - a potion of degeneration {unknown}
Miscellaneous
 x - a phantom mirror (inert)


   Skills:
 * Level 6.2 Ranged Weapons
 + Level 3.8 Dodging
 + Level 4.4 Stealth
 + Level 10.2 Spellcasting
 + Level 9.0 Necromancy
 + Level 3.1 Translocations
 * Level 3.7 Invocations


You had 21 spell levels left.
You knew the following spells:

 Your Spells              Type           Power      Damage    Failure   Level
a - Necrotise             Necr           100%       1d9       1%          1
b - Vampiric Draining     Necr           55%        2d9       1%          3
c - Gell's Gravitas       Tloc           28%        N/A       4%          3

Your spell library contained the following spells:

 Spells                   Type           Power      Damage    Failure   Level
 Animate Dead             Necr           55%        N/A       1%          4
 Agony                    Necr           55%        N/A       3%          5
 Summon Small Mammal      Summ           48%        N/A       4%          1
 Teleport Other           Tloc           28%        N/A       4%          3
 Static Discharge         Conj/Air       24%        2-3/arc   8%          2
 Call Canine Familiar     Summ           12%        N/A       14%         3
 Summon Guardian Golem    Hex/Summ       12%        N/A       14%         3
 Airstrike                Air            6%         2d(1-17)  43%         4
 Summon Lightning Spire   Summ/Air       12%        N/A       43%         4
 Dispersal                Tloc           14%        N/A       90%         6


Dungeon Overview and Level Annotations

Branches:
Dungeon (8/15)             Temple (1/1) D:5           Sewer (visited)
   Lair: D:8-11

Altars:
Ashenzari
Cheibriados
Dithmenos
Fedhas
Gozag
Hepliaklqana
Kikubaaqudgha
Makhleb
Nemelex Xobeh
Qazlal
Ru
Sif Muna
Trog
Uskayaw
Vehumet
Wu Jian
Xom
Yredelemnul

Shops:
D:6 (   D:7 [

Annotations:
D:7 exclusion: oklob plant
D:8 Maggie
Temple 2 transporters


Message History

Casting: Necrotise (safe; 1% risk of failure)
Confirm with . or Enter, or press ? or * to list all spells.
Okay, then.
Aiming: Phantom Mirror
Press: ? - help, Q - select action, (/) - cycle Dir - move target, f/p - Maggie
Aim: Maggie, wielding a +2 glaive of pain, wearing +1 steam dragon scales and carrying a wand of acid (moderately wounded, mesmerising)
You reflect Maggie with the mirror!
The mirror clouds!
Maggie completely misses you.
Maggie gestures at Maggie while chanting.
The bolt of fire hits Maggie!!
You cannot move away from Maggie!
Casting: Necrotise (safe; 1% risk of failure)
Confirm with . or Enter, or press ? or * to list all spells.
Okay, then.
Fire: D) +0 orcbow
Press: ? - help, Q - select action, (/) - cycle Shift-Dir - straight line, f/p - Maggie
Aim: Maggie, wielding a +2 glaive of pain, wearing +1 steam dragon scales and carrying a wand of acid (heavily wounded, mesmerising, not watching you, ally target, 54% to hit)
Okay, then.
Blink to where?
Press: ? - help, Dir - move target, p - Maggie
Okay, then.
Maggie hits Maggie with a +2 glaive of pain!
Maggie writhes in agony.
Maggie casts a spell.
Maggie hits Maggie with a +2 glaive of pain.
Maggie zaps a wand.
The bolt of acid misses Maggie.
Maggie casts a spell.
Maggie draws you further into her thrall.
Maggie zaps a wand.
The bolt of acid hits Maggie!
Maggie mumbles the words to a spell, but in the wrong order.
Maggie hits Maggie with a +2 glaive of pain!
Maggie closely misses Maggie.
Maggie gestures at Maggie while chanting.
The bolt of fire hits Maggie!!
Maggie dies!
Maggie's corpse shimmers and vanishes!
The bolt of fire hits you!!
You die...

#.# #.# #.# #.#
#.# #.# #.# #
#.#########.#.#
#....@.@......#
###########.#....
# #


You could see Maggie (mesmerising, unaware).

Vanquished Creatures
  Edmund (D:4)
  2 water moccasins (D:5)
  An orc warrior (D:7)
  A sky beast (D:6)
  An ogre (D:4)
  2 black bears
  3 centaurs
  A phantom (D:6)
  4 bullfrogs
  A kobold brigand (D:6)
  2 scorpions
  3 howler monkeys (D:8)
  Crazy Yiuf (D:6)
  5 hounds
  4 orc priests
  2 jellies
  3 iguanas
  An orc wizard (D:7)
  3 sleepcaps (D:6)
  Robin (D:4)
  4 gnolls (D:5)
  9 adders
  3 shadow imps
  2 ufetubi
  6 worms
  3 dart slugs
  20 orcs
  5 ball pythons
  7 bats
  6 endoplasms
  4 giant cockroaches (Sewer)
  10 goblins
  9 hobgoblins
  4 jackals (D:3)
  12 kobolds
  12 quokkas
  8 frilled lizards
  6 rats
172 creatures vanquished.

Vanquished Creatures (collateral kills)
  A hobgoblin (D:4)
1 creature vanquished.

Grand Total: 173 creatures vanquished

Notes
Turn   | Place    | Note
-------+----------+-------------------------------------------
     0 | D:1      | randomguy2701 the Deep Elf Necromancer began the quest for
                  | the Orb.
     0 | D:1      | Reached XP level 1. HP: 10/10 MP: 6/6
    91 | D:1      | Reached skill level 5 in Necromancy
   212 | D:1      | Reached XP level 2. HP: 15/15 MP: 6/8
   769 | D:2      | Reached XP level 3. HP: 19/19 MP: 5/10
  1166 | D:2      | Reached skill level 4 in Spellcasting
  1376 | D:3      | Reached XP level 4. HP: 21/24 MP: 4/12
  1431 | D:3      | Found a shimmering altar of Xom.
  1527 | D:3      | Found a stormy altar of Qazlal.
  1529 | D:3      | Noticed a fire elemental
  1530 | D:3      | Noticed an air elemental
  1530 | D:3      | Noticed a water elemental
  1530 | D:3      | Noticed an earth elemental
  1901 | D:3      | Reached skill level 5 in Spellcasting
  2279 | D:3      | Reached XP level 5. HP: 28/28 MP: 11/14
  2456 | D:4      | Identified the +2 pair of boots "Pomacrarua" {+Inv Str+3
                  | Stlth+}
  2485 | D:4      | Found a glowing drain.
  2722 | D:4      | Learned a level 3 spell: Vampiric Draining
  2726 | D:4      | Learned a level 3 spell: Gell's Gravitas
  2727 | Sewer    | Entered a sewer
  3147 | Sewer    | Reached skill level 6 in Spellcasting
  3611 | D:4      | Reached XP level 6. HP: 17/32 MP: 14/17
  3925 | D:4      | Noticed Edmund
  3941 | D:4      | Killed Edmund
  3942 | D:4      | Reached skill level 1 in Translocations
  4067 | D:4      | Reached skill level 7 in Spellcasting
  4094 | D:4      | Noticed Robin
  4128 | D:4      | Killed Robin
  4446 | D:4      | Reached XP level 7. HP: 16/36 MP: 12/19
  4683 | D:5      | Entered Level 5 of the Dungeon
  5384 | D:5      | Reached skill level 8 in Spellcasting
  5529 | D:5      | Found a staircase to the Ecumenical Temple.
  5662 | Temple   | Found a transporter.
  5662 | Temple   | Found a transporter.
  5662 | Temple   | Found a transporter.
  5662 | Temple   | Found a transporter.
  5662 | Temple   | Entered the Ecumenical Temple
  5753 | Temple   | Became a worshipper of Sif Muna the Loreminder
  6073 | D:5      | Reached XP level 8. HP: 25/41 MP: 9/22
  6188 | D:6      | Found a basalt altar of Yredelemnul.
  6348 | D:6      | Reached skill level 9 in Spellcasting
  6348 | D:6      | Reached skill level 1 in Invocations
  6587 | D:6      | Found a broken altar of Ashenzari.
  6614 | D:6      | Reached skill level 1 in Ranged Weapons
  7057 | D:6      | Reached * piety under Sif Muna
  7305 | D:6      | Found a bloodstained altar of Trog.
  7466 | D:6      | Found Tiutuq's Weapon Shoppe.
  7612 | D:6      | Found a runed translucent door.
  7613 | D:6      | Noticed Crazy Yiuf
  7620 | D:6      | Killed Crazy Yiuf
  7739 | D:7      | Reached XP level 9. HP: 45/45 MP: 5/24
  7944 | D:7      | Found Osuhaoguff's Armour Shoppe.
  8114 | D:7      | Reached skill level 5 in Ranged Weapons
  8378 | D:7      | Reached skill level 10 in Spellcasting
  8496 | D:7      | Found a blossoming altar of Fedhas.
  8507 | D:7      | Noticed an oklob plant
  8726 | D:7      | Found a snail-covered altar of Cheibriados.
  9173 | D:8      | Noticed Maggie
  9187 | D:8      | Killed from afar by Maggie

Illustrated notes

Levels and vault maps discovered:
D:1:      dpeg_arrival_orchard, layout_basic, corexii_corridor_pit
D:2:      layout_rooms
D:3:      layout_loops_ring, amcnicky_altar_gilded,
          nicolae_qazlal_style_of_elements
D:4:      layout_basic, cheibrodos_sewer_entry_bend, uniq_edmund, uniq_robin
D:5:      layout_loops_corners, minmay_temple_entry_steel_oval
D:6:      layout_loops_ring, mainiacjoe_overflow_brackets, marbit_many_paths,
          ashenzari_conservatory_becter, serial_shops, kennysheep_mini_moat,
          grunt_ministairs_3, uniq_crazy_yiuf_cottage
D:7:      layout_loops_ring, tgw_fedhas, slow_altar_2, dk_noncrumbling_2,
          nicolae_stop_n_shop_1, hangedman_abyss_or_decor_stabs
D:8:      cheibrodos_helix_gallery, layout_loops_ring, old_standard_altar,
          serial_shops, shop, uniq_maggie
Temple:   hellmonk_temple_divided_pantheon

Skill      XL: |  1  2  3  4  5  6  7  8  9 |
---------------+----------------------------+-----
Necromancy     | 5 6 7 8 9 |  9.0
Spellcasting   | 4 5 6 7 8 9 10 | 10.2
Dodging        | 3 |  3.8
Stealth        | 3 4 |  4.4
Translocations | 1 2 3 |  3.1
Invocations    | 3 |  3.7
Ranged Weapons | 4 6 |  6.2

Action                     |  1- 3 |  4- 6 |  7- 9 || total
---------------------------+-------+-------+-------++-------
  Melee: Unarmed           |     1 |       |       ||     1
         Spear             |       |    28 |    32 ||    60
   Fire: Orcbow            |       |       |   135 ||   135
   Cast: Necrotise         |    76 |   142 |   142 ||   360
         Gell's Gravitas   |       |     2 |       ||     2
         Vampiric Draining |       |     2 |    19 ||    21
  Evoke: Phantom mirror    |       |       |     1 ||     1
    Use: Scroll            |       |       |     5 ||     5
   Stab: Sleeping          |       |       |     1 ||     1
 Armour: Robe              |     8 |    36 |    48 ||    92
  Dodge: Dodged            |    16 |    71 |   118 ||   205

Table legend: (Time is in decaauts)
 A = Elapsed time spent in this place.
 B = Non-inter-level travel time spent in this place.
 C = Inter-level travel time spent in this place.
 D = Time resting spent in this place.
 E = Time spent auto-exploring this place.
 F = Levels seen in this place.
 G = Mean time per level.
                   A        B        C        D        E       F      G
               +--------+--------+--------+--------+--------+-----+--------+
         Total |   9338 |   8798 |    540 |      5 |   7354 |  10 |  933.8 |
       Dungeon |   8329 |   7812 |    517 |      5 |   6662 |   8 | 1041.1 |
        Temple |    102 |     79 |     23 |      0 |     73 |   1 |  102.0 |
         Sewer |    906 |    906 |      0 |      0 |    619 |   1 |  906.0 |
               +--------+--------+--------+--------+--------+-----+--------+

Top non-repeatable levels by time:
     D:6: 1478 daAuts
     D:4: 1463 daAuts
     D:5: 1450 daAuts
     D:7: 1301 daAuts
     D:3: 1091 daAuts
   Sewer: 906 daAuts
     D:2: 806 daAuts
     D:1: 525 daAuts
     D:8: 213 daAuts
  Temple: 102 daAuts
